 Dungeon Crawl Stone Soup version 0.23.1 (webtiles) character file.

Game seed: 0

2106 Irenicus the Geomancer (level 9, -1/68 HPs)
             Began as a Deep Dwarf Earth Elementalist on Mar 18, 2019.
             Was a Follower of Makhleb.
             Slain by Harold
             ... wielding a +0 war axe
              (15 damage)
             ... on level 7 of the Dungeon.
             The game lasted 00:34:17 (4427 turns).

Irenicus the Geomancer (DDEE)                       Turns: 4427, Time: 00:34:18

Health: -1/68      AC:  1    Str: 13    XL:     9   Next: 7%
Magic:  1/16       EV: 12    Int: 20    God:    Makhleb [*.....]
Gold:   288        SH:  0    Dex: 13    Spells: 3/18 levels left

rFire    . . .     SeeInvis .   a - +1 dagger
rCold    . . .     Gourm    .   (no shield)
rNeg     . . .     Faith    .   g - +0 leather armour
rPois    +         Spirit   .   (no helmet)
rElec    +         Reflect  .   b - +0 cloak
rCorr    .         Harm     .   p - -4 pair of gloves of Xom's Reproof {rElec rPois} (curse)
MR       +....                  (no boots)
Stlth    ++........             (no amulet)
HPRegen  0.00/turn              m - +6 ring of evasion
MPRegen  0.15/turn              (no ring)

@: marked, held, non-regenerating
A: damage resistance, heal wounds, clever 1, sense surroundings 2, screaming 1,
no regeneration
a: Heal Wounds, Renounce Religion


You were on level 7 of the Dungeon.
You worshipped Makhleb.
Makhleb was aware of your devotion.
You were hungry.

You visited 2 branches of the dungeon, and saw 8 of its levels.

You collected 288 gold pieces.

Inventory:

Hand Weapons
 a - a +1 dagger (weapon)
   (You found it on level 1 of the Dungeon)
Missiles
 k - a throwing net {=f, !d}
 l - 128 stones
Armour
 b - a +0 cloak (worn)
   (You found it on level 6 of the Dungeon)
 g - a +0 leather armour (worn)
   (You found it on level 1 of the Dungeon)
 h - a +0 pair of gloves
   (You found it on level 6 of the Dungeon)
 p - the cursed -4 pair of gloves of Xom's Reproof (worn) {rElec rPois}
   (You found it on level 7 of the Dungeon)

   It insulates you from electricity.
   It protects you from poison.
   It has a curse placed upon it.
Jewellery
 m - a +6 ring of evasion (left hand)
   (You found it on level 2 of the Dungeon)
Scrolls
 e - a scroll of amnesia
 f - 3 scrolls of enchant weapon
 i - a scroll of noise {unknown}
 j - 3 scrolls of teleportation
Potions
 n - 4 potions of flight
 o - a potion of haste
Comestibles
 d - 11 rations


   Skills:
 - Level 2.1 Dodging
 - Level 2.4 Stealth
 + Level 5.4 Spellcasting
 - Level 2.1 Conjurations
 - Level 0.8 Transmutations
 - Level 13.0 Earth Magic


You had 3 spell levels left.
You knew the following spells:

 Your Spells              Type           Power        Failure   Level  Hunger
a - Sandblast             Erth           ######       1%          1    None
c - Petrify               Tmut/Erth      ####....     9%          4    ####...
w - Passwall              Tmut/Erth      ####....     1%          2    None
x - Stone Arrow           Conj/Erth      #####.       1%          3    ##.....
z - Lee's Rapid Deconstr  Erth           ######....   1%          5    #####..

Your spell library contained the following spells:

 Spells                   Type           Power        Failure   Level  Hunger
 Corona                   Hex            #......      14%         1    None
 Ensorcelled Hibernation  Hex/Ice        #.....       22%         2    None
 Dazzling Spray           Conj/Hex       #.....       28%         3    ##.....
 Confuse                  Hex            #.......     38%         3    ##.....
 Tukima's Dance           Hex            #.......     38%         3    ##.....


Dungeon Overview and Level Annotations

Branches:
Dungeon (7/15)             Temple (1/1) D:6

Altars:
Ashenzari
Cheibriados
Dithmenos
Elyvilon
Fedhas
Gozag
Hepliaklqana
Kikubaaqudgha
Makhleb
Nemelex Xobeh
Okawaru
Qazlal
Ru
Sif Muna
Trog
Uskayaw
Vehumet
Wu Jian
Xom
Yredelemnul
Zin
The Shining One

Annotations:
D:7 Harold


Innate Abilities, Weirdness & Mutations

You are resistant to damage.
You can heal yourself by infusing magical energy.
You passively map the area around you.
You do not regenerate.
Your mind is acute. (Int +2)
You occasionally shout uncontrollably at your foes.


Message History

You now have 8/14 mp.
Aim: a worker ant zombie (heavily damaged)
The blast of sand hits the worker ant zombie!
l - 135 stones The worker ant zombie closely misses you.
You now have 7/14 mp.
Aim: a worker ant zombie (severely damaged)
The blast of sand hits the worker ant zombie!
You destroy the worker ant zombie!
Makhleb accepts your kill.
l - 134 stones You now have 6/14 mp.
You see here a coppery potion.
Aim: a crimson imp The blast of sand hits the crimson imp!
You kill the crimson imp!
Makhleb accepts your kill.
l - 133 stones You now have 6/14 mp.
q - a coppery potion You are feeling hungry.
Prince Ribbit comes into view.
You see here 18 gold pieces.
You now have 288 gold pieces (gained 18).
Prince Ribbit croaks.
Prince Ribbit blinks!
A metal wall.
The metal wall shatters!
The blast of metal fragments hits Prince Ribbit!!
Prince Ribbit blinks!
You now have 3/14 mp.
Prince Ribbit blinks!
You can't see any susceptible monsters within range! (Use Z to cast anyway.) Prince Ribbit mumbles some strange words.
Prince Ribbit looks slightly unstable.
Prince Ribbit lets out a mournful croak. x2
Aim: Prince Ribbit (severely wounded)
The blast of sand misses Prince Ribbit.
l - 132 stones You now have 3/14 mp.
Aim: Prince Ribbit (severely wounded)
The blast of sand hits Prince Ribbit!
l - 131 stones Prince Ribbit disappears!
Harold throws a throwing net.
The throwing net hits you.
You become entangled in the net!
You now have 2/14 mp.
Aim: Harold, wielding a +0 war axe and wearing a +1 chain mail of fire resistance (chance to defeat MR: 15%)
Okay, then.
You don't have enough magic to cast that spell.
It was a potion of mutation.
You feel extremely strange.
You feel the urge to shout.
You feel clever. Harold gestures at you while chanting.
A sentinel's mark forms upon you.
You fail to use your ability.
You feel much better.
Prince Ribbit blinks!
You regained 24 hp, and now have 36/62 hp.
You struggle against the net.
Prince Ribbit barely misses you.
Aim: Prince Ribbit (almost dead)
The blast of sand hits Prince Ribbit!
You kill Prince Ribbit!
Makhleb accepts your kill.
You feel better.
Prince Ribbit returns to his original shape as he dies.
Your Spellcasting skill increases to level 5!
You have reached level 9!
Your experience leads to an increase in your attributes!
Your base attributes are Str 13, Int 17, Dex 13.
Increase (S)trength, (I)ntelligence, or (D)exterity?
You feel clever.
Your attunement to dungeon structure grows.
l - 130 stones You regained 10 hp, and now have 46/68 hp.
You now have 2/16 mp.
You struggle against the net.
Aim: Harold, wielding a +0 war axe and wearing a +1 chain mail of fire resistance The blast of sand hits Harold!
l - 129 stones You now have 1/16 mp.
Aim: Harold, wielding a +0 war axe and wearing a +1 chain mail of fire resistance (lightly wounded)
The blast of sand hits Harold!
l - 128 stones Harold hits you with a +0 war axe!!
You hear a bark! x2
You take 20 damage, and have 26/68 hp.
MASSIVE DAMAGE!!
You now have 0/16 mp.
Aim: Harold, wielding a +0 war axe and wearing a +1 chain mail of fire resistance (moderately wounded, chance to defeat MR: 15%) Harold resists with almost no effort.
Harold hits you with a +0 war axe.
You take 3 damage, and have 23/68 hp.
Aim: Harold, wielding a +0 war axe and wearing a +1 chain mail of fire resistance (moderately wounded, chance to defeat MR: 15%) Harold resists with almost no effort.
A jackal comes into view.
Harold hits you with a +0 war axe!
* * * LOW HITPOINT WARNING * * *
You take 9 damage, and have 14/68 hp.
Aim: Harold, wielding a +0 war axe and wearing a +1 chain mail of fire resistance (moderately wounded, chance to defeat MR: 15%) Harold resists with almost no effort.
Harold barely misses you.
Aim: Harold, wielding a +0 war axe and wearing a +1 chain mail of fire resistance (moderately wounded, chance to defeat MR: 15%) Harold resists with almost no effort.
The now-empty wand crumbles to dust.
Harold yells, "I don't have all day!"
Harold hits you with a +0 war axe!
You die...

### , * ### ,, ..# * ,
* * #.# , ,, #.# ,, , ,
#.# , # #.# ,
#.#####.#######.. , *
#...†@@..h.....@.@../.
####.####...###..+....
#####.#####..######...#
#.........#..#... .....
#.###.###.#..#.#####..#
#.# #.# #.#..#.....>...
#)###.###.#..######...#
#.......5..............
#.#######.#......#.#...


You could see Harold and a jackal.

Vanquished Creatures
  Prince Ribbit (D:7)
  A centaur (D:7)
  2 phantoms
  5 ogres
  2 bullfrogs
  2 scorpions
  A howler monkey (D:4)
  3 wights (D:6)
  2 crimson imps
  A jelly (D:5)
  A centaur skeleton (D:5)
  A gnoll shaman (D:5)
  An orc priest (D:6)
  5 orc wizards
  An iguana (D:6)
  6 worker ants
  2 worker ant zombies
  7 adders
  10 gnolls
  2 shadow imps
  3 oozes
  An adder zombie (D:5)
  2 worms
  3 dart slugs (D:1)
  6 leopard geckos
  19 orcs
  5 giant cockroaches
  14 goblins
  11 hobgoblins
  6 jackals (D:4)
  6 kobolds
  A quokka (D:2)
  A ball python (D:2)
  9 bats
  6 frilled lizards
  A jackal zombie (D:7)
  A leopard gecko zombie (D:2)
  A quokka zombie (D:6)
  4 rats
156 creatures vanquished.

Notes
Turn   | Place    | Note
-------+----------+-------------------------------------------
     0 | D:1      | Irenicus the Deep Dwarf Earth Elementalist began the quest
                  | for the Orb.
     0 | D:1      | Reached XP level 1. HP: 15/15 MP: 3/3
    49 | D:1      | Reached XP level 2. HP: 16/22 MP: 0/4
    85 | D:1      | Reached skill level 5 in Earth Magic
   159 | D:1      | Reached XP level 3. HP: 17/28 MP: 0/5
   274 | D:1      | Learned a level 2 spell: Passwall
   576 | D:1      | Reached skill level 6 in Earth Magic
   668 | D:2      | Reached skill level 2 in Spellcasting
   742 | D:2      | Reached XP level 4. HP: 23/36 MP: 0/7
  1012 | D:2      | Learned a level 3 spell: Stone Arrow
  1369 | D:3      | Reached skill level 3 in Spellcasting
  1411 | D:3      | HP: 6/36 [leopard gecko (4)]
  1447 | D:3      | HP: 5/36 [kobold (1)]
  1738 | D:4      | Reached skill level 1 in Conjurations
  1738 | D:4      | Reached XP level 5. HP: 26/42 MP: 0/9
  1754 | D:4      | Reached skill level 2 in Conjurations
  1859 | D:4      | HP: 9/42 [scorpion (4)]
  1968 | D:4      | HP: 4/42 [worker ant (5)]
  1970 | D:4      | Reached skill level 7 in Earth Magic
  2012 | D:4      | Reached XP level 6. HP: 5/49 MP: 0/10
  2082 | D:4      | Found a hide-covered altar of Uskayaw.
  2187 | D:4      | HP: 10/49 [ogre/+0 giant club (20)]
  2188 | D:4      | Reached skill level 8 in Earth Magic
  2361 | D:5      | Entered Level 5 of the Dungeon
  2391 | D:5      | Reached skill level 9 in Earth Magic
  2455 | D:5      | Reached XP level 7. HP: 21/55 MP: 0/11
  2468 | D:5      | HP: 11/55 [scorpion (7)]
  2544 | D:5      | Found a sparkling altar of Nemelex Xobeh.
  2570 | D:6      | HP: 8/55 [bullfrog (6)]
  2571 | D:6      | Reached skill level 10 in Earth Magic
  2591 | D:6      | HP: 13/55 [orc priest/nerve-wracking pain (6)]
  2594 | D:6      | HP: 6/55 [orc wizard/magic dart (7)]
  2609 | D:6      | HP: 12/55 [orc wizard/magic dart (2)]
  2818 | D:6      | Found a staircase to the Ecumenical Temple.
  2828 | Temple   | Entered the Ecumenical Temple
  2941 | Temple   | Became a worshipper of Makhleb the Destroyer
  3192 | D:5      | HP: 11/55 [phantom (3)]
  3194 | D:5      | Reached skill level 11 in Earth Magic
  3327 | D:5      | HP: 2/55 [shadow imp/nerve-wracking pain (9)]
  3348 | D:5      | HP: 7/55 [shadow imp/nerve-wracking pain (9)]
  3354 | D:5      | HP: 9/55 [shadow imp (4)]
  3362 | D:5      | HP: 1/55 [shadow imp/nerve-wracking pain (8)]
  3471 | D:5      | HP: 13/55 [centaur skeleton (5)]
  3476 | D:5      | Reached XP level 8. HP: 14/62 MP: 1/12
  3486 | D:5      | HP: 13/62 [giant cockroach (1)]
  3584 | D:5      | Reached * piety under Makhleb
  3698 | D:6      | Reached skill level 12 in Earth Magic
  3765 | D:6      | HP: 15/62 [adder (1)]
  4007 | D:6      | Reached skill level 13 in Earth Magic
  4088 | D:7      | Learned a level 5 spell: Lee's Rapid Deconstruction
  4154 | D:7      | HP: 13/62 [centaur/arrow (8)]
  4166 | D:7      | HP: 10/62 [worker ant (3)]
  4232 | D:7      | Reached skill level 4 in Spellcasting
  4235 | D:7      | HP: 12/62 [bullfrog (4)]
  4344 | D:7      | Noticed Harold
  4352 | D:7      | Learned a level 4 spell: Petrify
  4366 | D:7      | Got a pair of faintly glowing gloves
  4377 | D:7      | Identified the cursed -4 pair of gloves of Xom's Reproof
                  | {rElec rPois} (You found it on level 7 of the Dungeon)
  4406 | D:7      | Noticed Prince Ribbit
  4416 | D:7      | Gained mutation: You occasionally shout uncontrollably at
                  | your foes. [potion of mutation]
  4416 | D:7      | Gained mutation: Your mind is acute. (Int +2) [potion of
                  | mutation]
  4420 | D:7      | Killed Prince Ribbit
  4420 | D:7      | Reached skill level 5 in Spellcasting
  4420 | D:7      | Gained mutation: You passively map the area around you.
                  | [Deep Dwarf growth]
  4420 | D:7      | Reached XP level 9. HP: 46/68 MP: 2/16
  4425 | D:7      | HP: 14/68 [Harold/+0 war axe (9)]
  4427 | D:7      | Slain by Harold

Skill      XL: |  1  2  3  4  5  6  7  8 |
---------------+-------------------------+-----
Earth Magic    | 5 6 7 9 11 13 | 13.0
Spellcasting   | 2 3 5 |  5.4
Conjurations   | 1 2 |  2.1
Dodging        | |  2.1
Stealth        | |  2.4
Transmutations | |  0.8

Action                   |  1- 3 |  4- 6 |  7- 9 || total
-------------------------+-------+-------+-------++-------
Melee: Unarmed           |     1 |       |       ||     1
       Dagger            |    29 |   130 |   201 ||   360
Throw: Throwing net      |       |       |     1 ||     1
 Cast: Sandblast         |    40 |    36 |    33 ||   109
       Passwall          |     8 |    10 |    24 ||    42
       Stone Arrow       |       |    28 |    38 ||    66
       Lee's Rapid Decon |       |       |     3 ||     3
 Abil: Heal Wounds       |     2 |     1 |     8 ||    11
Evoke: Wand              |       |       |     9 ||     9
  Use: Scroll            |     1 |     8 |     1 ||    10
       Potion            |       |     5 |     3 ||     8
 Stab: Sleeping          |     3 |     2 |     1 ||     6
       Paralysed         |       |       |    15 ||    15
  Eat: Chunk             |     1 |     9 |     2 ||    12
       Ration            |       |       |     3 ||     3
Armor: Robe              |     3 |       |       ||     3
       Leather armour    |     1 |    20 |    30 ||    51
Dodge: Dodged            |    22 |   148 |   250 ||   420

Levels and vault maps discovered:
D:1:      minmay_arrival_semitransparent, layout_basic, minmay_fountain_box,
          wander_ebering_terrifying_dragon_lair
D:2:      cheibrodos_greedy_goblins, layout_rooms, serial_undead,
          serial_undead_b, serial_undead_a, serial_undead_c, serial_undead_e,
          minmay_stone_trees_medium, minmay_pentomino_t2
D:3:      layout_basic, kennysheep_generic_room_3
D:4:      layout_loops_corners, eat_drink_and_be_merry_uskayaw,
          wad_rectangle_vault
D:5:      layout_layer_cave, first_ration, nemelex_dance_club_becter
D:6:      layout_loops_cross, minmay_temple_entry_statues_fountains,
          serial_co_window_serial, co_window_corner_a, co_window_corner_a,
          co_window_corner_a, co_window_paths_a, co_window_paths_a,
          co_window_corner_a, co_window_corner_a, co_window_broadway_b,
          co_window_corner_b, co_window_paths_c, co_window_broadway_b,
          co_window_broadway_b, co_window_unsneaky_path_d, glass_columns_b,
          glass_columns_c, glass_columns_a
D:7:      layout_loops_corners, serial_co_window_serial, co_window_paths_b,
          co_window_cross_1, co_window_corner_a, co_window_paths_b,
          co_window_of_opportunity_a, co_window_broadway_c, co_window_corner_b,
          co_window_2corner, co_window_cross_4, co_window_broadway_b,
          co_window_2corner, co_window_paths_e, glass_columns_b,
          glass_columns_c, glass_columns_b, uniq_prince_ribbit1, uniq_harold
Temple:   roderic_octagonal_lattice_temple

Table legend:
 A = Turns spent in this place as a percentage of turns spent in the entire game.
 B = Non-inter-level travel turns spent in this place as a percentage of non-inter-level travel turns spent in the entire game.
 C = Inter-level travel turns spent in this place as a percentage of turns spent in this place.
 D = Turns resting spent in this place as a percentage of non-inter-level travel turns spent in this place.
 E = Turns spent auto-exploring this place as a percentage of non-inter-level travel turns spent in this place.
 F = Non-inter-level travel turns spent in this place divided by the number of levels of this place that you've seen.
                   A       B       C       D       E      F
               +-------+-------+-------+-------+-------+----------------------
         Total | 100.0 | 100.0 |   0.0 |   0.0 |   0.0 | 553.4
       Dungeon |  97.1 |  97.1 |   0.0 |   0.0 |   0.0 | 614.1
        Temple |   2.9 |   2.9 |   0.0 |   0.0 |   0.0 | 128.0
               +-------+-------+-------+-------+-------+----------------------

Table legend:
 A = Kills in this place as a percentage of kills in entire the game.
 B = Kills by you in this place as a percentage of kills by you in the entire game.
 C = Kills by friends in this place as a percentage of kills by friends in the entire game.
 D = Other kills in this place as a percentage of other kills in the entire game.
 E = Experience gained in this place as a percentage of experience gained in the entire game.
 F = Experience gained in this place divided by the number of levels of this place that you have seen.
                   A       B       C       D       E      F
               +-------+-------+-------+-------+-------+----------------------
         Total | 100.0 | 100.0 |   N/A |   N/A | 100.0 | 376.1
       Dungeon | 100.0 | 100.0 |   N/A |   N/A | 100.0 | 429.9
               +-------+-------+-------+-------+-------+----------------------
